 Dungeon Crawl Stone Soup version 0.24.0-125-gc4c63601f3 (webtiles) character file.

Game seed: 13533351820434524635, levelgen mode: deterministic

8767 Curus the Severer (level 11, -7/95 HPs)
             Began as a Minotaur Gladiator on Mar 14, 2020.
             Was a High Priest of Okawaru.
             Mangled by a 12-headed hydra (11 damage)
             ... on level 2 of the Lair of Beasts.
             The game lasted 00:46:39 (9163 turns).

Curus the Severer (Minotaur Gladiator)              Turns: 9163, Time: 00:46:40

Health: -7/95      AC: 19    Str: 26    XL:     11   Next: 14%
Magic:  0/11       EV: 12    Int:  7    God:    Okawaru [*****.]
Gold:   102        SH:  7    Dex: 10    Spells: 10/10 levels left

rFire    . . .     SeeInvis .   A - +5 war axe
rCold    + . .     Gourm    .   L - +2 buckler "Zunu" {Regen+ Str+7 Dex-3}
rNeg     . . .     Faith    .   p - +0 chain mail
rPois    .         Spirit   +   c - +0 hat
rElec    .         Reflect  .   e - +1 cloak
rCorr    +         Harm     .   v - +1 pair of gloves
MR       .....                  D - +0 pair of boots
Stlth    ..........             k - amulet of guardian spirit
HPRegen  0.65/turn              J - ring of resist corrosion
MPRegen  0.12/turn              i - ring of protection from cold

@: heroism
A: retaliatory headbutt, horns 2
a: Heroism, Finesse, Renounce Religion


You were on level 2 of the Lair of Beasts.
You worshipped Okawaru.
Okawaru was extremely pleased with you.
You were not hungry.

You visited 2 branches of the dungeon, and saw 10 of its levels.

You collected 582 gold pieces.
You spent 480 gold pieces at shops.

Inventory:

Hand Weapons
 a - a +2 war axe
 A - a +5 war axe (weapon)
Missiles
 d - 3 throwing nets (quivered)
Armour
 b - a +0 leather armour
 c - a +0 hat (worn)
 e - a +1 cloak (worn)
 n - a +0 scale mail
 p - a +0 chain mail (worn)
 t - a scarf of spirit shield
 v - a +1 pair of gloves (worn)
 y - a +2 buckler of reflection
 D - a +0 pair of boots (worn)
 L - the +2 buckler "Zunu" (worn) {Regen+ Str+7 Dex-3}
   (Okawaru gifted it to you on level 1 of the Lair of Beasts)

   It affects your strength (+7).
   It affects your dexterity (-3).
   It increases your rate of regeneration.
Jewellery
 g - an uncursed ring of attention
 i - a ring of protection from cold (right hand)
 k - an amulet of guardian spirit (around neck)
 m - an uncursed ring of protection from fire
 o - a +1 ring of evasion
 r - a +3 ring of protection
 s - an uncursed ring of positive energy
 u - a cursed amulet of inaccuracy
 I - an uncursed ring of stealth
 J - a ring of resist corrosion (left hand)
Wands
 z - a wand of polymorph (7)
 G - a wand of flame (10)
 M - a wand of paralysis (5)
Scrolls
 h - 11 scrolls of identify
 l - 9 scrolls of remove curse
 q - 3 scrolls of teleportation
 x - 5 scrolls of amnesia
 B - a scroll of magic mapping
 F - a scroll of blinking
 K - a scroll of enchant weapon
Potions
 j - a potion of degeneration
 w - 2 potions of brilliance
 C - 2 potions of curing
 E - a potion of invisibility
 H - a potion of ambrosia
 N - a potion of might
Comestibles
 f - 19 rations


   Skills:
 + Level 8.4(13.4) Fighting
 - Level 16.0(21.0) Axes
 - Level 2.0(7.0) Throwing
 + Level 7.9(12.9) Armour
 - Level 3.2(8.2) Dodging
 - Level 2.5 Invocations
 - Level 2.3 Evocations


You had 10 spell levels left.
You didn't know any spells.
Your spell library contained the following spells:

 Spells                   Type           Power        Failure   Level  Hunger
 Magic Dart               Conj           #...         88%         1    ##.....
 Blink                    Tloc           N/A          96%         2    ###....
 Call Imp                 Summ           #.......     96%         2    ###....
 Slow                     Hex            #.......     96%         2    ###....
 Conjure Flame            Conj/Fire      #.......     99%         3    ####...
 Mephitic Cloud           Conj/Pois/Air  #.......     99%         3    ####...


Dungeon Overview and Level Annotations

Branches:
Dungeon (8/15)             Temple (0/1) D:4            Lair (2/6) D:8
 Spider (0/4) Lair:2
  Swamp: Lair:2-4    Shoals: Lair:2-4

Altars:
Dithmenos
Hepliaklqana
Kikubaaqudgha
Nemelex Xobeh
Okawaru
Sif Muna
Vehumet
Yredelemnul

Shops:
D:4 =


Innate Abilities, Weirdness & Mutations

You reflexively headbutt those who attack you in melee.
You have a pair of horns on your head.


Message History

The 11-headed hydra bites you. You block the 11-headed hydra's attack.
The 11-headed hydra bites you but does no damage.
The 11-headed hydra bites you!
* * * LOW HITPOINT WARNING * * *
The 11-headed hydra bites you!
* * * LOW HITPOINT WARNING * * *
The 11-headed hydra closely misses you.
You block the 11-headed hydra's attack. x2
The 11-headed hydra bites you!
* * * LOW HITPOINT WARNING * * *
The 11-headed hydra bites you but does no damage.
The 11-headed hydra closely misses you.
You chop one of the 11-headed hydra's heads off!
The ten-headed hydra grows two more!
You hit the 12-headed hydra.
Your headbutt misses the 12-headed hydra.
The 12-headed hydra is moderately wounded.
The 12-headed hydra bites you but does no damage. x3
The 12-headed hydra misses you. The 12-headed hydra bites you.
* * * LOW HITPOINT WARNING * * *
The 12-headed hydra closely misses you. The 12-headed hydra bites you!
You die...

.. ### ....S ###.## .. P..
#### #....# .#. ..
###..#######...### #..#..
.#.#...P.##P.....##.#....#
...#............@D...##...
.......#.###...##.........
....#.#### #...##.........
..##.## #....#...P.....
..#### #P#####.#P.....
..## ### ##....$.. .#.#
..).... †.## ....#.. ..###
##... . #


You could see a 12-headed hydra.

Vanquished Creatures
  A hydra (Lair:2)
  A satyr (Lair:1)
  Sonja (Lair:2)
  Pikel (D:7)
  A spiny frog (Lair:2)
  Joseph (D:7)
  A hippogriff (Lair:1)
  A redback (Lair:2)
  6 yaks (D:8)
  4 basilisks
  3 hogs (D:8)
  A human (D:8)
  A hungry ghost (D:8)
  2 water moccasins
  Duvessa (D:7)
  4 porcupines
  3 orc warriors
  2 phantoms
  An ogre (D:5)
  2 centaurs
  3 crocodiles
  6 bullfrogs
  Dowan (D:7)
  4 scorpions
  3 wights (D:6)
  2 howler monkeys
  A centaur zombie (D:5)
  2 crimson imps
  5 hounds
  A quasit (D:8)
  2 jellies
  2 bullfrog skeletons (D:4)
  An orc priest (D:7)
  2 orc wizards
  2 iguanas
  3 worker ants
  2 hound zombies
  Robin (D:4)
  11 gnolls
  11 adders
  2 shadow imps
  3 oozes
  2 adder skeletons (D:4)
  An adder zombie (D:7)
  4 dart slugs
  3 leopard geckos
  25 orcs
  A bat zombie (D:8)
  7 giant cockroaches
  5 hobgoblins
  10 jackals
  A quokka (D:7)
  A ball python (D:3)
  6 bats
  2 frilled lizards
  24 goblins
  A jackal zombie (D:5)
  8 kobolds
  9 rats
  A plant (Lair:2)
219 creatures vanquished.

Vanquished Creatures (others)
  A slave (D:7)
  A quasit (D:7)
  A worker ant (D:7)
  2 adders (D:7)
  A fungus (D:8)
  3 plants (D:8)
9 creatures vanquished.

Grand Total: 228 creatures vanquished

Notes
Turn   | Place    | Note
-------+----------+-------------------------------------------
     0 | D:1      | Curus the Minotaur Gladiator began the quest for the Orb.
     0 | D:1      | Reached XP level 1. HP: 18/18 MP: 0/0
    90 | D:1      | Reached skill level 4 in Axes
   391 | D:1      | Reached XP level 2. HP: 25/25 MP: 1/1
   543 | D:1      | Reached skill level 5 in Axes
   656 | D:2      | Reached XP level 3. HP: 30/30 MP: 2/2
   973 | D:2      | Reached skill level 6 in Axes
   973 | D:2      | Reached XP level 4. HP: 33/37 MP: 3/3
  1610 | D:3      | Reached XP level 5. HP: 42/42 MP: 4/4
  1775 | D:3      | Found an iron altar of Okawaru.
  1782 | D:3      | Found a basalt altar of Yredelemnul.
  1787 | D:3      | Became a worshipper of Warmaster Okawaru
  2007 | D:4      | Found a staircase to the Ecumenical Temple.
  2009 | D:4      | Reached skill level 7 in Axes
  2153 | D:4      | Found Ereiraam's Jewellery Boutique.
  2173 | D:4      | Reached skill level 8 in Axes
  2188 | D:4      | Bought an uncursed ring of positive energy for 240 gold
                  | pieces
  2194 | D:4      | Found a shadowy altar of Dithmenos.
  2243 | D:4      | Noticed a phantom
  2261 | D:4      | Killed a phantom
  2261 | D:4      | Reached XP level 6. HP: 33/50 MP: 3/5
  2387 | D:4      | Reached * piety under Okawaru
  2430 | D:4      | Reached skill level 9 in Axes
  2508 | D:4      | Noticed Robin
  2521 | D:4      | Killed Robin
  2652 | D:4      | Found a sparkling altar of Nemelex Xobeh.
  2664 | D:5      | Entered Level 5 of the Dungeon
  2709 | D:5      | Reached XP level 7. HP: 20/56 MP: 2/6
  2919 | D:5      | You fall into a shaft and drop 3 floors!
  2954 | D:8      | Reached skill level 10 in Axes
  3070 | D:8      | Noticed a hungry ghost
  3079 | D:8      | Killed a hungry ghost
  3079 | D:8      | Reached ** piety under Okawaru
  3278 | D:7      | Noticed Pikel
  3283 | D:7      | Reached skill level 11 in Axes
  3302 | D:7      | Killed Pikel
  3302 | D:7      | Reached *** piety under Okawaru
  3302 | D:7      | Reached skill level 12 in Axes
  3302 | D:7      | Reached XP level 8. HP: 20/62 MP: 5/7
  3764 | D:6      | Reached skill level 13 in Axes
  3853 | D:6      | Found a hazy altar of Hepliaklqana.
  3980 | D:6      | Reached **** piety under Okawaru
  4192 | D:5      | Found a radiant altar of Vehumet.
  4305 | D:6      | Reached XP level 9. HP: 67/68 MP: 8/8
  4416 | D:6      | Reached skill level 14 in Axes
  5749 | D:7      | Noticed Joseph
  5766 | D:7      | Killed Joseph
  5766 | D:7      | Reached skill level 15 in Axes
  6339 | D:7      | Found a shimmering blue altar of Sif Muna.
  6339 | D:7      | Noticed Duvessa
  6340 | D:7      | Noticed Dowan
  6345 | D:7      | Killed Duvessa
  6345 | D:7      | Reached ***** piety under Okawaru
  6351 | D:7      | Killed Dowan
  6502 | D:8      | Reached skill level 16 in Axes
  6505 | D:8      | Found a staircase to the Lair.
  6511 | D:8      | Reached skill level 1 in Armour
  6524 | D:8      | Received a gift from Okawaru
  6529 | D:8      | Reached XP level 10. HP: 19/77 MP: 3/9
  7032 | Lair:1   | Entered Level 1 of the Lair of Beasts
  7272 | D:4      | Bought an uncursed ring of resist corrosion for 240 gold
                  | pieces
  7679 | D:8      | Found an ancient bone altar of Kikubaaqudgha.
  7846 | D:8      | Reached skill level 1 in Invocations
  7846 | D:8      | Reached skill level 1 in Evocations
  8053 | Lair:1   | Received a gift from Okawaru
  8106 | Lair:1   | Reached skill level 5 in Fighting
  8207 | Lair:1   | Received a gift from Okawaru
  8567 | Lair:1   | Noticed a five-headed hydra
  8570 | Lair:1   | Noticed a satyr
  8570 | Lair:1   | a five-headed hydra changed into a satyr
  8590 | Lair:1   | Killed a satyr
  8590 | Lair:1   | Received a gift from Okawaru
  8590 | Lair:1   | Reached skill level 5 in Armour
  8591 | Lair:1   | Got a slimy buckler {god gift}
  8605 | Lair:1   | Identified the +2 buckler "Zunu" {Regen+ Str+7 Dex-3}
                  | (Okawaru gifted it to you on level 1 of the Lair of Beasts)
  8881 | Lair:2   | Found a hole to the Spider Nest.
  8901 | Lair:2   | Noticed Sonja
  8905 | Lair:2   | Killed Sonja
  9025 | Lair:2   | Reached XP level 11. HP: 65/93 MP: 7/11
  9053 | Lair:2   | Noticed a seven-headed hydra
  9070 | Lair:2   | Killed a 14-headed hydra
  9151 | Lair:2   | Noticed an eight-headed hydra
  9163 | Lair:2   | HP: 4/95 [12-headed hydra (1)]
  9163 | Lair:2   | Mangled by a 12-headed hydra

Levels and vault maps discovered:
D:1:      psy_arrival_statuary, layout_rooms
D:2:      layout_rooms
D:3:      layout_loops_corners, minitemple, kennysheep_generic_room_9
D:4:      layout_basic, kennysheep_mini_moat, grunt_dithmenos_smoke_and_mirrors,
          minmay_temple_entry_arrows, serial_shops, nicolae_shop_statue_plus,
          first_ration, hangedman_abyss_or_decor_passed, uniq_robin
D:5:      layout_layer_cave, nicolae_overflow_hidden_temple,
          kennysheep_another_room
D:6:      layout_basic, old_standard_altar
D:7:      layout_basic, lemuel_crystal_altar, minmay_holes, uniq_pikel,
          uniq_joseph, uniq_duvessa
D:8:      layout_basic, lemuel_zombie_altar_kikubaaqudgha,
          minmay_lair_entry_grove, grunt_livestock
Lair:1:   layout_long_grid, wad_woods_road_05
Lair:2:   layout_misc_corridors, spider_nest_entry_rubble, uniq_sonja,
          uniq_nergalle

Skill      XL: |  1  2  3  4  5  6  7  8  9 10 11 |
---------------+----------------------------------+-----
Axes           | 4 5 6 8 9 12 13 16 | 16.0
Armour         | 2 7 |  7.9
Fighting       | 3 7 8 |  8.4
Invocations    | 2 |  2.5
Evocations     | 2 |  2.3
Throwing       | |  2.0
Dodging        | |  3.2

Action                   |  1- 3 |  4- 6 |  7- 9 | 10-12 || total
-------------------------+-------+-------+-------+-------++-------
Melee: War axe           |    83 |   124 |   224 |   146 ||   577
       Headbutt          |    10 |    20 |    41 |    29 ||   100
       Unarmed           |       |       |    11 |       ||    11
Throw: Throwing net      |       |       |     1 |       ||     1
Invok: Heroism           |       |       |       |     3 ||     3
Evoke: Wand              |       |       |       |     4 ||     4
  Use: Scroll            |     7 |     2 |     3 |       ||    12
       Potion            |     2 |     1 |     4 |     1 ||     8
 Stab: Paralysed         |       |       |       |     2 ||     2
  Eat: Chunk             |       |     2 |     8 |     2 ||    12
       Ration            |       |     1 |     2 |     2 ||     5
Armor: Leather armour    |    21 |       |       |       ||    21
       Scale mail        |    19 |    18 |       |       ||    37
       Chain mail        |       |    41 |    67 |    99 ||   207
       Skin              |       |       |     4 |       ||     4
Dodge: Dodged            |    37 |    45 |    76 |    55 ||   213
Block: Buckler           |       |       |    30 |    39 ||    69
       Reflection        |       |       |     2 |       ||     2
